 Dungeon Crawl Stone Soup version 0.23-a0-655-g3751e1c (webtiles) character file.

5956 zishaf the Nimble (level 10, -1/58 HPs)
             Began as a Deep Elf Fire Elementalist on Jan 8, 2019.
             Was an Elder of Vehumet.
             Slain by drock42's ghost (2 damage)
             ... on level 9 of the Dungeon.
             The game lasted 00:38:29 (12788 turns).

zishaf the Nimble (Deep Elf Fire Elementalist)     Turns: 12788, Time: 00:38:30

Health: -1/58      AC:  6    Str:  5    XL:     10   Next: 54%
Magic:  4/21       EV: 18    Int: 27    God:    Vehumet [****..]
Gold:   624        SH:  0    Dex: 15    Spells: 5/21 levels left

rFire    . . .     SeeInvis .   a - +1 dagger (venom)
rCold    . . .     Gourm    .   (no shield)
rNeg     . . .     Faith    .   r - +0 robe
rPois    .         Spirit   .   q - +0 helmet
rElec    .         Reflect  .   O - scarf {repulsion}
rCorr    .         Harm     .   (no gloves)
MR       +....                  N - +0 pair of boots
Stlth    +.........             (no amulet)
HPRegen  0.19/turn              M - +2 ring of protection (curse)
MPRegen  0.17/turn              E - +3 ring of intelligence

@: confused, glowing, repel missiles
A: no striking features
a: Renounce Religion


You were on level 9 of the Dungeon.
You worshipped Vehumet.
Vehumet was greatly pleased with you.
You were not hungry.

You visited 1 branch of the dungeon, and saw 9 of its levels.

You collected 624 gold pieces.

Inventory:

Hand Weapons
 a - a +1 dagger of venom (weapon)
 b - a +3 hunting sling of flaming
Missiles
 e - 393 stones (quivered)
 y - 86 sling bullets
Armour
 h - a +0 cloak
 q - a +0 helmet (worn)
 r - a +0 robe (worn)
 N - a +0 pair of boots (worn)
 O - a scarf of repulsion (worn)
Jewellery
 p - an uncursed ring of stealth
 A - an uncursed ring of resist corrosion
 E - a +3 ring of intelligence (right hand)
 H - the ring of Vomitib {rC- Str+8 Int+3 Dex+3 Stlth-}
   (You took it off an orc on level 7 of the Dungeon)

   [ring of dexterity]

   It affects your strength (+8).
   It affects your intelligence (+3).
   It affects your dexterity (+3).
   It makes you vulnerable to cold.
   It makes you less stealthy.
 M - a cursed +2 ring of protection (left hand)
Wands
 m - a wand of random effects (34)
 I - a wand of disintegration (8)
Scrolls
 k - a scroll of enchant armour {unknown}
 n - 2 scrolls of teleportation
 o - a scroll of fog {unknown}
 s - 6 scrolls of remove curse
 w - 2 scrolls of noise {unknown}
 z - a scroll of enchant weapon
 B - 2 scrolls of blinking
 C - 3 scrolls of amnesia
 G - 3 scrolls of magic mapping {unknown}
 L - a scroll of fear {unknown}
Potions
 d - a potion of brilliance {unknown}
 f - 2 potions of heal wounds {unknown}
 g - 3 potions of resistance
 i - 6 potions of curing
 j - 2 potions of haste
 l - 3 potions of might {unknown}
 t - 2 potions of mutation
 u - 3 potions of flight
 x - 2 potions of ambrosia
 D - 2 potions of berserk rage
 F - a potion of cancellation {unknown}
 J - a potion of agility
 K - a potion of invisibility {unknown}
Comestibles
 c - 29 rations


   Skills:
 + Level 4.9 Fighting
 + Level 8.9 Dodging
 - Level 2.4 Stealth
 - Level 6.0 Spellcasting
 + Level 8.9 Conjurations
 - Level 5.0 Summonings
 - Level 5.0 Translocations
 - Level 7.0 Fire Magic
 - Level 3.0 Earth Magic


You had 5 spell levels left.
You knew the following spells:

 Your Spells              Type           Power        Failure   Level  Hunger
a - Flame Tongue          Conj/Fire      #####        1%          1    None
b - Call Imp              Summ           #####...     1%          2    None
c - Conjure Flame         Conj/Fire      ######..     1%          3    None
d - Sandblast             Erth           ###...       1%          1    None
e - Throw Flame           Conj/Fire      ######       1%          2    None
f - Blink                 Tloc           N/A          1%          2    None
z - Fireball              Conj/Fire      ######....   1%          5    #####..

Your spell library contained the following spells:

 Spells                   Type           Power        Failure   Level  Hunger
 Static Discharge         Conj/Air       ####....     1%          3    None
 Magic Dart               Conj           ####         1%          1    None
 Inner Flame              Hex/Fire       ####....     1%          3    None
 Mephitic Cloud           Conj/Pois/Air  ###.....     1%          3    None
 Sticky Flame             Conj/Fire      ######..     1%          4    ###....
 Slow                     Hex            #.......     10%         2    None


Dungeon Overview and Level Annotations

Branches:
Dungeon (9/15)             Temple (0/1) D:4
   Lair: D:8-11         Orc: D:9-12

Altars:
Ashenzari
Cheibriados
Dithmenos
Elyvilon
Gozag
Hepliaklqana
Makhleb
Nemelex Xobeh
Qazlal
Ru
Sif Muna
Trog
Vehumet
Wu Jian
Beogh

Shops:
D:5 }   D:7 %

Annotations:
D:9 drock42's ghost, novice GnSk


Message History

Press: ? - help, Shift-Dir - straight line, f/p - drock42's ghost
Aim: drock42's ghost, wielding a vorpal weapon (flame, heavily damaged, The flame tongue hits drock42's ghost.
Drock42's ghost resists.
Drock42's ghost is heavily damaged.
Drock42's ghost is engulfed in blazing flames.
Drock42's ghost hits you.
* * * LOW HITPOINT WARNING * * *
x2 Drock42's ghost's shroud bends your crimson imp's attack away.
Your crimson imp barely misses drock42's ghost.
Casting: Flame Tongue (safe; 1% risk of failure)
Confirm with . or Enter, or press ? or * to list all spells.
You don't have enough magic to cast that spell.
Quiver which item? (- for none, * to show all) (? for menu, Esc to quit)
Okay, then.
You are confused.
You feel invigorated.
Drock42's ghost is engulfed in blazing flames.
Drock42's ghost hits you!
* * * LOW HITPOINT WARNING * * *
You die...

.##.#####>..............#
..'...§W................#
.##...5[####...........##
##....### #...........#
#....## #..(........#
....## ##........###
...## ##.55##### .###
###W## ## #@.# #
##.####### ##.#....##
#........# ###.######
#.## ##.# #.## ##.##


You could see drock42's ghost and 2 friendly crimson imps.

Vanquished Creatures
  Harold (D:9)
  Sigmund (D:2)
  A spriggan (D:7)
  Eustachio (D:4)
  A steam dragon (D:8)
  Edmund (D:5)
  6 orc warriors
  A phantom (D:6)
  An ice beast (D:5)
  2 sky beasts (D:9)
  A necrophage (D:7)
  4 centaurs
  5 ogres
  A crocodile (D:9)
  A big kobold (D:9)
  The ghost of kylix the Ruffian, an amateur VSMo (D:4)
  3 bullfrogs
  A water moccasin zombie (D:8)
  3 scorpions
  11 killer bees
  4 wights (D:9)
  A howler monkey (D:4)
  6 crimson imps
  A bullfrog zombie (D:5)
  3 hounds
  3 bullfrog skeletons
  3 jellies
  3 orc priests
  3 iguanas (D:5)
  11 orc wizards
  Jessica (D:2)
  Natasha (thrice) (D:2)
  5 worker ants
  A hound skeleton (D:6)
  A worker ant zombie (D:7)
  7 gnolls
  5 adders
  2 white imps (D:7)
  An ooze (D:5)
  3 adder skeletons
  5 worms
  5 dart slugs
  6 leopard geckos
  32 orcs
  8 giant cockroaches
  9 goblins
  9 hobgoblins
  15 jackals
  17 kobolds
  4 quokkas
  2 ball pythons
  12 bats
  4 frilled lizards
  A leopard gecko skeleton (D:4)
  A leopard gecko zombie (D:7)
  A quokka skeleton (D:5)
  12 rats
257 creatures vanquished.

Vanquished Creatures (collateral kills)
  The ghost of handsome the Cutter, an amateur OpGl of Okawaru (D:3)
  A shadow imp (D:7)
  A white imp (D:7)
  6 orcs
  A giant cockroach (D:4)
  A frilled lizard (D:4)
11 creatures vanquished.

Grand Total: 268 creatures vanquished

Notes
Turn   | Place    | Note
-------+----------+-------------------------------------------
     0 | D:1      | zishaf the Deep Elf Fire Elementalist began the quest for
                  | the Orb.
     0 | D:1      | Reached XP level 1. HP: 10/10 MP: 6/6
   133 | D:1      | Reached XP level 2. HP: 7/15 MP: 4/8
   704 | D:1      | Reached XP level 3. HP: 19/19 MP: 3/10
   760 | D:1      | Learned a level 3 spell: Conjure Flame
  1518 | D:2      | Noticed Jessica
  1521 | D:2      | Killed Jessica
  1521 | D:2      | Reached XP level 4. HP: 17/24 MP: 6/11
  1704 | D:2      | Reached XP level 5. HP: 28/28 MP: 0/13
  1858 | D:2      | Found a radiant altar of Vehumet.
  1858 | D:2      | Found a burning altar of Makhleb.
  1862 | D:2      | Became a worshipper of Vehumet
  1933 | D:2      | Noticed Sigmund
  1971 | D:2      | Found a stormy altar of Qazlal.
  1974 | D:2      | Noticed Natasha
  1980 | D:2      | Killed Natasha
  2034 | D:2      | Noticed Natasha
  2039 | D:2      | Killed Natasha
  2214 | D:2      | Noticed Natasha
  2221 | D:2      | Killed Natasha
  2523 | D:2      | Killed Sigmund
  2523 | D:2      | Reached skill level 5 in Fire Magic
  2523 | D:2      | Reached XP level 6. HP: 32/32 MP: 6/15
  2978 | D:3      | Reached * piety under Vehumet
  2978 | D:3      | Offered knowledge of Sting by Vehumet.
  2985 | D:3      | Learned a level 5 spell: Fireball
  2990 | D:3      | Learned a level 4 spell: Sticky Flame
  3081 | D:3      | Found a runed gate.
  3082 | D:3      | Found a runed gate.
  3083 | D:3      | Found a runed gate.
  3085 | D:3      | Noticed handsome's ghost (amateur OpGl)
  3206 | D:3      | Found an opulent altar of Gozag.
  3602 | D:3      | Found a roughly hewn altar of Beogh.
  3834 | D:4      | Found a transporter.
  3834 | D:4      | Noticed kylix's ghost (amateur VSMo)
  4040 | D:4      | Reached skill level 5 in Spellcasting
  4040 | D:4      | Reached XP level 7. HP: 36/36 MP: 11/16
  4105 | D:4      | Found a shadowy altar of Dithmenos.
  4241 | D:4      | Reached skill level 5 in Conjurations
  4289 | D:4      | Found a transporter.
  4525 | D:4      | Found a staircase to the Ecumenical Temple.
  4614 | D:5      | Entered Level 5 of the Dungeon
  4697 | D:5      | Noticed Eustachio
  4748 | D:4      | Killed Eustachio
  4848 | D:5      | Found Buherphawn's Gadget Shop.
  4994 | D:5      | Reached ** piety under Vehumet
  4994 | D:5      | Offered knowledge of Sandblast by Vehumet.
  4997 | D:5      | Learned a level 1 spell: Sandblast
  5015 | D:5      | Noticed Edmund
  5027 | D:5      | Killed Edmund
  5027 | D:5      | Reached skill level 5 in Dodging
  5027 | D:5      | Reached XP level 8. HP: 36/42 MP: 3/18
  5185 | D:5      | Reached skill level 1 in Earth Magic
  5249 | D:5      | Reached skill level 1 in Fighting
  5590 | D:5      | Found a white marble altar of Elyvilon.
  5643 | D:5      | Learned a level 2 spell: Throw Flame
  5773 | D:6      | Learned a level 2 spell: Blink
  5776 | D:6      | Learned a level 2 spell: Call Imp
  6093 | D:3      | Killed handsome's ghost
  6435 | D:6      | Reached skill level 1 in Summonings
  6435 | D:6      | Reached skill level 1 in Translocations
  6542 | D:6      | Found a hazy altar of Hepliaklqana.
  6800 | D:6      | Found a shattered altar of Ashenzari.
  7182 | D:6      | Reached XP level 9. HP: 29/48 MP: 2/20
  7431 | D:7      | Found a sacrificial altar of Ru.
  7455 | D:7      | Found Leacrizi's Food Shop.
  7951 | D:7      | Identified the ring of Vomitib {rC- Str+8 Int+3 Dex+3
                  | Stlth-}
  8130 | D:7      | Found a snail-covered altar of Cheibriados.
  8133 | D:7      | Offered knowledge of Stone Arrow by Vehumet.
  8306 | D:7      | Reached *** piety under Vehumet
  8649 | D:7      | Found a deep blue altar of Sif Muna.
  8728 | D:7      | Found a roughly hewn altar of Beogh.
  8728 | D:7      | Found a transporter.
  8742 | D:7      | Noticed a moth of wrath
  8755 | D:7      | Found a bloodstained altar of Trog.
  8907 | D:7      | Found a sparkling altar of Nemelex Xobeh.
  8980 | D:7      | Offered knowledge of Airstrike by Vehumet.
  9087 | D:7      | Found a transporter.
  9214 | D:4      | Killed kylix's ghost
  9494 | D:8      | You fall through a shaft!
  9654 | D:9      | Noticed Harold
  9665 | D:9      | Killed Harold
  9665 | D:9      | Reached XP level 10. HP: 48/56 MP: 9/21
  9924 | D:9      | Found a runed door.
  9927 | D:9      | Noticed drock42's ghost (novice GnSk)
 10061 | D:9      | Reached skill level 5 in Translocations
 10093 | D:9      | Reached skill level 5 in Summonings
 10276 | D:9      | Reached **** piety under Vehumet
 10944 | D:8      | Offered knowledge of Static Discharge by Vehumet.
 11590 | D:9      | Found an ornate altar of the Wu Jian Council.
 12788 | D:9      | HP: 1/58 [drock42's ghost (7)]
 12788 | D:9      | Slain by drock42's ghost

Vault maps used:
D:1:      dpeg_arrival_simpleton_b, st_stairs_5, minmay_tetromino_i2
D:2:      gammafunk_temple_overflow_wave, overflow_temple_1_default,
          uniq_sigmund, uniq_jessica, uniq_natasha
D:3:      grunt_gozag_statues, biasface_ghost_orc_armoury,
          chequers_serial_rivers_large_a
D:4:      overflow_temple_1_default, temple_fountains, first_ration,
          gammafunk_ghost_arena, bh_chokoban
D:5:      serial_shops, shop, chequers_jeans, minmay_statues_item,
          elyvilon_altar_5, uniq_edmund, uniq_eustachio
D:6:      kennysheep_little_box, nicolae_overflow_crystal_walls,
          minmay_strange_pillars, grunt_ministairs_6
D:7:      gammafunk_beogh_shrine, lemuel_crystal_altar, tgw_sif,
          nicolae_ru_sacrificial_ziggurat, tgw_trog,
          nemelex_xobeh_ov_fountains_minmay, serial_shops, shop,
          hangedman_decor_clover_reticule, the_bakery, minmay_nine_imps
D:9:      old_standard_altar, hellmonk_ghost_happy_afterlife, uniq_harold

Skill      XL: |  1  2  3  4  5  6  7  8  9 10 |
---------------+-------------------------------+-----
Conjurations   | 2 3 4 5 6 7 8 |  8.9
Fire Magic     | 4 5 6 7 |  7.0
Dodging        | 3 4 5 6 7 8 |  8.9
Spellcasting   | 4 5 6 |  6.0
Earth Magic    | 3 |  3.0
Fighting       | 2 3 4 |  4.9
Summonings     | 2 4 5 |  5.0
Translocations | 2 4 5 |  5.0
Stealth        | |  2.4

Action                   |  1- 3 |  4- 6 |  7- 9 | 10-12 || total
-------------------------+-------+-------+-------+-------++-------
Melee: Unarmed           |     1 |       |       |       ||     1
       Dagger            |       |     1 |     1 |     9 ||    11
 Fire: Hunting sling     |       |    83 |   131 |    48 ||   262
Throw: Stone             |     1 |     1 |       |       ||     2
 Cast: Flame Tongue      |    88 |    55 |   206 |   141 ||   490
       Conjure Flame     |       |     4 |    25 |     8 ||    37
       Sticky Flame      |       |     3 |       |       ||     3
       Call Imp          |       |       |    23 |    16 ||    39
       Sandblast         |       |       |    19 |       ||    19
       Fireball          |       |       |     1 |     7 ||     8
       Blink             |       |       |     1 |     2 ||     3
Evoke: Wand              |       |       |       |     8 ||     8
  Use: Scroll            |       |       |    10 |     2 ||    12
       Potion            |       |       |       |     1 ||     1
 Stab: Sleeping          |       |     1 |     1 |       ||     2
  Eat: Chunk             |     2 |     8 |    10 |     8 ||    28
       Ration            |       |       |     2 |     1 ||     3
Armor: Robe              |    12 |     6 |    10 |    12 ||    40
Dodge: Dodged            |    33 |    21 |    53 |    64 ||   171
       Deflected         |       |       |       |     5 ||     5

Table legend:
 A = Non-vault XP
 B = Vault XP
 C = Vault XP percentage of total XP
 D = Non-vault monster count
 E = Vault monster count
 F = Vault count percentage of total count
                 A         B        C        D         E       F
            +---------+---------+-------+---------+---------+-------
      Total |    5629 |    2880 |  33.8 |     215 |      53 |  19.8
            +---------+---------+-------+---------+---------+-------
        D:1 |      52 |       9 |  14.8 |      31 |       5 |  13.9
        D:2 |     201 |     292 |  59.2 |      28 |       3 |   9.7
        D:3 |      71 |      98 |  58.0 |      22 |       7 |  24.1
        D:4 |     391 |     307 |  44.0 |      23 |       5 |  17.9
        D:5 |     515 |     162 |  23.9 |      16 |       1 |   5.9
        D:6 |     834 |       2 |   0.2 |      16 |       1 |   5.9
        D:7 |    1103 |    1003 |  47.6 |      31 |      30 |  49.2
        D:8 |     865 |       0 |   0.0 |      14 |       0 |   0.0
        D:9 |    1597 |    1007 |  38.7 |      34 |       1 |   2.9
            +---------+---------+-------+---------+---------+-------
